AoeStats
← die trying

Arabia

508703109Analyzed
1v1 RM · 8d ago on Sep 23, 2026· 37m 42s· 2 players
Game mode
Random Map
Map size
Tiny (2 player)
Population
200
Speed
Normal
Resources
Standard
Victory
Conquest
Starting age
Dark Age
Ending age
Imperial Age
RankedLock teamsTeams togetherTeam positionsShared explorationLock speedFull tech treeHidden civsTurbo modeCheats
Victory
Defeat
🇨🇱 Mongols · Chile
1906
+11
🇧🇷 Muisca · Brazil
1800
-11
die trying
5:13 Loom
7:46 Feudal Age
8:00 Man-at-Arms
10:28 Double-Bit Axe
13:20 Horse Collar
14:18 Fletching
21:30 Castle Age
21:21 Bloodlines
21:17 Scale Barding Armor
21:22 Forging
21:34 Gold Mining
22:55 Bodkin Arrow
23:38 Husbandry
24:46 Padded Archer Armor
27:55 Chain Barding Armor
29:31 Wheelbarrow
35:53 Heavy Plow
40:20 Imperial Age
SupeR_Maxmoll
5:22 Loom
9:30 Feudal Age
12:49 Wheelbarrow
11:50 Champi Runner
13:28 Double-Bit Axe
21:55 Castle Age
22:49 Fletching
24:35 Bodkin Arrow
25:56 Ballistics
26:38 Padded Archer Armor
29:46 Gold Mining
37:22 Leather Archer Armor
36:59 Town Watch
Connection lost

Rejoining the realm…

Still unreachable

The connection could not be restored.

Session expired

The server has moved on; the page needs a fresh start.